 Dungeon Crawl Stone Soup version 0.29.1-4-g47bece8355 (webtiles) character file.

Game seed: 18077644652016232152

67105 unlimited1921 the Eclecticist (level 15, 0/80 HPs)
             Began as a Djinni Fire Elementalist on Dec 5, 2022.
             Was a Priest of the Shining One (penitent).
             Slain by a rockslime (35 damage)
             ... on level 1 of the Pits of Slime.
             The game lasted 02:35:20 (36163 turns).

unlimited1921 the Eclecticist (DjFE)               Turns: 36163, Time: 02:35:20

Health: 0/80       AC: 12    Str:  6    XL:     15   Next: 64%
Gold:   756        EV: 12    Int: 29    God:    the Shining One [***...] SH: 13 Dex: 18

rFire   + + +      SeeInvis .   A - +2 trident (venom)
rCold   x . .      Faith    .   Y - +0 tower shield
rNeg    + + .      Spirit   .   u - +1 robe {rN+}
rPois   ∞          Reflect  .   (helmet restricted)
rElec   .          Harm     .   B - +2 cloak
rCorr   .          Rampage  .   (no gloves)
Will    +....      Rage     9%  (boots unavailable)
Stlth   +++.......              l - amulet of the acrobat
HPRegen 0.23/turn               I - +4 ring of protection
MPRegen 0.00/turn               G - +6 ring of intelligence

@: flying, very slightly contaminated
A: sickness immunity, fire resistance 3, cold vulnerability 1, float, innate
caster, HP casting, extra vitality 1, horns 1, iridescent scales 1, agile 1,
berserk 2, frail 1, wild magic 1
a: Renounce Religion


You were on level 1 of the Pits of Slime.
You worshipped the Shining One.
The Shining One was demanding penance.
You visited 5 branches of the dungeon, and saw 18 of its levels.

You collected 1130 gold pieces.
You spent 374 gold pieces at shops.

Inventory:

Hand Weapons
 g - a +3 dire flail of protection
 p - a +4 dagger of holy wrath
 r - a +1 shortbow of freezing
 A - a +2 trident of venom (weapon)
 N - a +4 mace of freezing
 T - a +2 shortbow of flaming
Missiles
 w - a silver boomerang
 y - 6 silver javelins
Armour
 o - a +1 helmet
 u - a +1 robe of positive energy (worn)
 B - a +2 cloak (worn)
 M - a +1 ring mail of cold resistance
 S - the +0 ring mail of the Old World {rElec Will+}
   (You found it on level 5 of the Lair of Beasts)

   rElec:     It insulates you from electricity.
   Will:      It increases your willpower.
 W - +0 swamp dragon scales
 Y - a +0 tower shield (worn)
Jewellery
 l - an amulet of the acrobat (around neck)
 E - a +4 ring of evasion
 G - a +6 ring of intelligence (right hand)
 I - a +4 ring of protection (left hand)
 P - a ring of see invisible
 Z - a ring of ice
Wands
 a - a wand of iceblast (19) (quivered)
 f - a wand of mindburst (13)
 q - a wand of light (2)
 x - a wand of polymorph (12)
 F - a wand of charming (5)
 K - a wand of flame (47)
Scrolls
 d - 5 scrolls of immolation
 h - 3 scrolls of summoning
 n - a scroll of fear
 t - 4 scrolls of enchant weapon
 v - 4 scrolls of poison
 D - a scroll of butterflies
 H - 8 scrolls of teleportation
 J - 3 scrolls of magic mapping
 L - a scroll of enchant armour
 U - 3 scrolls of identify
Potions
 b - 3 potions of invisibility
 c - 3 potions of brilliance
 e - 4 potions of resistance
 i - 6 potions of haste
 k - a potion of cancellation
 m - 7 potions of lignification
 z - 3 potions of curing
 C - 2 potions of flight
 O - 2 potions of ambrosia
 V - a potion of berserk rage
Miscellaneous
 j - a tin of tremorstones (2/2)
 s - a phantom mirror
 R - a lightning rod (4/4)


   Skills:
 + Level 2.0 Fighting
 + Level 1.9 Polearms
 + Level 2.8 Ranged Weapons
 + Level 7.1 Dodging
 + Level 4.4 Stealth
 + Level 2.8 Shields
 + Level 17.0 Spellcasting
 * Level 11.0 Invocations
 + Level 0.2 Evocations


You had 10 spell levels left.
You knew the following spells:

 Your Spells              Type           Power      Damage    Failure   Level
a - Foxfire               Conj/Fire      100%       2x1d9     1%          1
b - Scorch                Fire           100%       2d10      1%          2
c - Conjure Flame         Conj/Fire      100%       6-21      1%          3
d - Inner Flame           Hex/Fire       100%       N/A       1%          3
e - Flame Wave            Conj/Fire      100%       2d21      1%          4
f - Slow                  Hex            100%       N/A       1%          1
g - Ensorcelled Hibernat  Hex/Ice        100%       N/A       1%          2
h - Wereblood             Tmut           100%       N/A       1%          2
i - Olgreb's Toxic Radia  Pois           100%       N/A       1%          4
j - Irradiate             Conj/Tmut      51%        3d28      1%          5
k - Agony                 Necr           100%       N/A       1%          5
l - Summon Cactus Giant   Summ           51%        N/A       6%          6
Your spell library was empty.

Dungeon Overview and Level Annotations

Branches:
Dungeon (10/15)            Temple (1/1) D:4            Lair (5/5) D:9
  Swamp (1/4) Lair:2        Snake (0/4) Lair:2        Slime (1/5) Lair:5
    Orc: D:9-12

Altars:
Ashenzari
Cheibriados
Dithmenos
Elyvilon
Fedhas
Gozag
Hepliaklqana
Nemelex Xobeh
Okawaru
Qazlal
Ru
Trog
Uskayaw
Wu Jian
Xom
Yredelemnul
Zin
The Shining One
Jiyva

Shops:
D:7 (   D:9 ?


Innate Abilities, Weirdness & Mutations

You are immune to sickness and miasma.
You are immune to poison.
Your flesh is almost immune to the effects of heat. (rF+++)
You are vulnerable to cold. (rC-)
You float through the air rather than walking.
You learn spells naturally, not from books.
Your magical power is your life essence.
You have superior vitality. (+4 MHP)
You have a pair of small horns on your head.
You are partially covered in iridescent scales. (AC +2)
You are agile. (Dex +4, Str/Int -1)
You have an uncontrollable temper.
You are frail. (-10% HP)
Your spells are a little harder to cast, but a little more powerful.


Message History

Confirm with . or Enter, or press ? or * to list all spells.
You conjure some foxfire!
Casting: Foxfire (safe; 1% risk of failure)
Confirm with . or Enter, or press ? or * to list all spells.
You conjure some foxfire!
The walls burn your foxfire! The wall burns your foxfire!
The walls burn your foxfire!
The foxfire hits the rockslime but does no damage.
The wall burns your foxfire!
The foxfire hits the rockslime but does no damage.
Casting: Foxfire (safe; 1% risk of failure)
Confirm with . or Enter, or press ? or * to list all spells.
You conjure some foxfire!
The wall burns your foxfire!
The foxfire hits the rockslime but does no damage.
The walls burn your foxfire! The wall burns your foxfire!
The foxfire hits the rockslime but does no damage.
Casting: Foxfire (safe; 1% risk of failure)
Confirm with . or Enter, or press ? or * to list all spells.
Flames lash the rockslime but do no damage.
The foxfire hits the rockslime but does no damage. x2
The rockslime hits you!!!
You are shoved backwards!
Casting: Scorch (safe; 1% risk of failure)
Confirm with . or Enter, or press ? or * to list all spells.
Okay, then.
Unknown command.
Unknown command.
Welcome back, unlimited1921 the Djinni Fire Elementalist.
The Shining One says: Being a martyr may wash away your sin!
Press ? for a list of commands and other information.
Press: ? - help, v - describe, . - travel
Here: a rockslime A staircase back to the Lair.
Unknown command.
Unknown command.
You feel much better.
You are splashed with acid!
You block the rockslime's attack.
Cast which spell? (? or * to list)
You are splashed with acid!
An azure jelly comes into view.
The rockslime hits you!!
You die...

... ##..# #....
.## ...... ....
...... #....
......#####.....
........#......
#......@.......
.......J.C#....
..........# .
...........#
#.............
................
................
....J...J#......
..........#.....


You could see an acid blob, an azure jelly, a rockslime (ally target) and a
friendly cactus giant (summoned).

Vanquished Creatures
  An azure jelly (Lair:5)
  A rockslime (Slime:1)
  The ghost of Palms the Warrior, a journeyman DjVM of Makhleb (Lair:5)
  The ghost of Lutefisk the Stormcaller, a journeyman TeAE of Sif Muna (Lair:3)
  7 hydras
  A boulder beetle (Lair:4)
  A centaur warrior (D:9)
  A two-headed ogre (D:9)
  A catoblepas (Lair:5)
  8 death yaks (Lair:5)
  A deep troll shaman (Lair:5)
  A deep troll (Lair:1)
  A deep elf pyromancer (D:7)
  A manticore (D:9)
  15 elephants
  4 cyclopes
  Maurice (D:10)
  8 black mambas
  4 centaur zombies (D:7)
  A torpor snail (Lair:5)
  9 cane toads
  Maggie (Lair:1)
  4 rime drakes
  3 komodo dragons
  A centaur skeleton (D:7)
  A tengu conjurer (D:9)
  2 hellwings
  A harpy zombie (D:7)
  3 polar bears
  2 hornets (Lair:3)
  3 trolls
  8 slime creatures
  5 dream sheep (Lair:3)
  A meliai zombie (D:7)
  Sigmund (D:2)
  2 fire elementals (Lair:4)
  2 wraiths
  3 wyverns
  53 yaks
  4 steam dragons
  An acid dragon (D:10)
  3 swamp worms (Lair:2)
  19 water moccasins
  5 orc warriors
  3 ice beasts
  6 black bears
  An ogre (D:7)
  11 wolves
  5 centaurs
  A phantom (D:6)
  6 kobold brigands
  12 bullfrogs
  2 gnoll sergeants
  A necrophage (D:7)
  7 scorpions
  6 wights
  7 killer bees (D:9)
  5 howler monkeys (D:9)
  2 electric eels (Lair:4)
  3 hounds
  3 jellies
  7 orc priests
  8 iguanas
  Crazy Yiuf (D:3)
  Ijyb (D:3)
  Natasha (thrice) (D:2)
  14 orc wizards
  Robin (D:2)
  4 gnolls (D:7)
  12 adders
  7 shadow imps
  2 ufetubi
  A worm (D:4)
  5 dart slugs
  34 orcs
  4 ball pythons
  6 endoplasms
  3 giant cockroaches
  25 goblins
  7 hobgoblins
  11 jackals
  40 kobolds
  2 quokkas
  6 bats
  5 frilled lizards
  7 rats
494 creatures vanquished.

Vanquished Creatures (collateral kills)
  A dancing weapon (Lair:5)
  A water moccasin (Lair:5)
  2 orc priests (D:8)
  3 orcs (D:8)
  8 foxfires
15 creatures vanquished.

Vanquished Creatures (others)
  A wizard (D:8)
  2 bushes (D:9)
  845 foxfires
  25 fungi
  105 plants
  10 withered plants (D:7)
988 creatures vanquished.

Grand Total: 1497 creatures vanquished

Notes
Turn   | Place    | Note
-------+----------+-------------------------------------------
     0 | D:1      | unlimited1921 the Djinni Fire Elementalist began the quest
                  | for the Orb.
     0 | D:1      | unlimited1921 set off with the following spells memorised:
                  | Foxfire, Scorch, Conjure Flame, Inner Flame, Flame Wave.
     0 | D:1      | Reached XP level 1. HP: 15/15 MP: 0/0
   430 | D:1      | Reached XP level 2. HP: 17/21 MP: 0/0
   927 | D:1      | Reached skill level 3 in Spellcasting
  1176 | D:1      | Reached XP level 3. HP: 22/25 MP: 0/0
  1176 | D:1      | Learned a level 1 spell: Slow
  2046 | D:1      | Found a faded altar of an unknown god.
  3009 | D:2      | Reached XP level 4. HP: 28/31 MP: 0/0
  3151 | D:2      | Noticed Natasha
  3157 | D:2      | Killed Natasha
  3188 | D:2      | Noticed Natasha
  3192 | D:2      | Killed Natasha
  3193 | D:2      | Reached XP level 5. HP: 29/35 MP: 0/0
  3193 | D:2      | Learned a level 2 spell: Ensorcelled Hibernation
  3291 | D:2      | Noticed Natasha
  3295 | D:2      | Killed Natasha
  3296 | D:2      | Reached skill level 4 in Spellcasting
  3617 | D:2      | Noticed Sigmund
  3637 | D:2      | Killed Sigmund
  3638 | D:2      | Reached XP level 6. HP: 20/40 MP: 0/0
  4760 | D:2      | Noticed Robin
  4765 | D:2      | Killed Robin
  4769 | D:2      | Reached skill level 5 in Spellcasting
  5337 | D:3      | You are sucked into a shaft and drop 3 floors!
  5466 | D:6      | Noticed an ice beast
  5471 | D:6      | Killed an ice beast
  5472 | D:6      | Reached XP level 7. HP: 40/45 MP: 0/0
  5472 | D:6      | Learned a level 2 spell: Wereblood
  5786 | D:6      | Reached skill level 6 in Spellcasting
  5795 | D:6      | Reached XP level 8. HP: 26/50 MP: 0/0
  6183 | D:6      | Reached skill level 1 in Ranged Weapons
  7598 | D:5      | Entered Level 5 of the Dungeon
  7644 | D:5      | Reached skill level 7 in Spellcasting
  7740 | D:5      | Reached XP level 9. HP: 52/56 MP: 0/0
  7740 | D:5      | Learned a level 4 spell: Olgreb's Toxic Radiance
  9044 | D:4      | Found an opulent altar of Gozag.
  9859 | D:4      | Found a sacrificial altar of Ru.
 10239 | D:4      | Found a staircase to the Ecumenical Temple.
 10374 | Temple   | Entered the Ecumenical Temple
 10540 | Temple   | Became a worshipper of the Shining One
 11070 | D:3      | Noticed Ijyb
 11075 | D:3      | Killed Ijyb
 11389 | D:3      | Found a runed translucent door.
 11390 | D:3      | Noticed Crazy Yiuf
 12215 | D:3      | Killed Crazy Yiuf
 12216 | D:3      | Reached skill level 8 in Spellcasting
 12974 | D:7      | Reached skill level 9 in Spellcasting
 13130 | D:7      | Noticed a hellwing
 13171 | D:8      | Killed a hellwing
 13172 | D:8      | Reached XP level 10. HP: 18/61 MP: 0/0
 14323 | D:8      | Reached * piety under the Shining One
 14410 | D:8      | Reached skill level 10 in Spellcasting
 14902 | D:8      | Found a bloodstained altar of Trog.
 14903 | D:8      | Noticed a wizard
 14908 | D:8      | Killed a wizard
 15292 | D:7      | Noticed a deep elf pyromancer
 15299 | D:7      | Killed a deep elf pyromancer
 15513 | D:8      | Reached skill level 11 in Spellcasting
 16236 | D:7      | Reached ** piety under the Shining One
 16246 | D:7      | Reached skill level 1 in Invocations
 16246 | D:7      | Reached XP level 11. HP: 36/66 MP: 0/0
 16246 | D:7      | Learned a level 5 spell: Irradiate
 16739 | D:7      | Gained mutation: You have hidden genetic defects.
                  | [mutagenic glow]
 16976 | D:7      | Found Yjihidol's Antique Weapon Emporium.
 17193 | D:7      | Reached skill level 12 in Spellcasting
 17309 | D:7      | Noticed a cyclops
 17326 | D:7      | Killed a cyclops
 17676 | D:9      | Noticed a cyclops
 17679 | D:9      | Killed a cyclops
 17689 | D:9      | Gained mutation: Your body sometimes deteriorates upon
                  | taking damage. [hidden defects]
 18256 | D:9      | Noticed a manticore
 18259 | D:9      | Killed a manticore
 18625 | D:9      | Noticed a two-headed ogre
 18629 | D:9      | Noticed a cyclops
 18653 | D:9      | Killed a two-headed ogre
 18654 | D:9      | Reached XP level 12. HP: 24/71 MP: 0/0
 18665 | D:8      | Gained mutation: You occasionally shout uncontrollably at
                  | your foes. [hidden defects]
 18665 | D:8      | Lost mutation: You have hidden genetic defects. [hidden
                  | defects expressed]
 19063 | D:9      | Noticed a seven-headed hydra
 19065 | D:9      | Reached skill level 13 in Spellcasting
 19082 | D:9      | Killed a seven-headed hydra
 19316 | D:9      | Reached skill level 5 in Invocations
 19388 | D:9      | Reached *** piety under the Shining One
 19557 | D:10     | Entered Level 10 of the Dungeon
 19569 | D:10     | Noticed Maurice
 19582 | D:10     | Killed Maurice
 19585 | D:10     | Gained mutation: Your spells are a little easier to cast,
                  | but a little less powerful. [mutagenic glow]
 19610 | D:9      | Gained mutation: You occasionally lose the ability to drink
                  | potions when taking damage. [mutagenic glow]
 20136 | D:9      | Reached XP level 13. HP: 76/76 MP: 0/0
 20136 | D:9      | Learned a level 5 spell: Agony
 20707 | D:9      | Found a staircase to the Lair.
 20981 | D:9      | Reached skill level 14 in Spellcasting
 20984 | D:9      | Noticed a centaur warrior
 20990 | D:9      | Killed a centaur warrior
 21681 | D:9      | Found Bolupho's Magic Scroll Shop.
 21687 | D:9      | Bought a scroll of identify for 30 gold pieces
 21687 | D:9      | Bought a scroll of enchant weapon for 112 gold pieces
 21687 | D:9      | Bought a scroll of identify for 30 gold pieces
 21687 | D:9      | Bought a scroll of poison for 60 gold pieces
 21687 | D:9      | Bought a scroll of blinking for 112 gold pieces
 21687 | D:9      | Bought a scroll of identify for 30 gold pieces
 21692 | D:9      | Lost mutation: Your body sometimes deteriorates upon taking
                  | damage. [potion of mutation]
 21692 | D:9      | Lost mutation: You occasionally shout uncontrollably at
                  | your foes. [potion of mutation]
 21692 | D:9      | Lost mutation: You occasionally lose the ability to drink
                  | potions when taking damage. [potion of mutation]
 21692 | D:9      | Gained mutation: Armour fits poorly on your strangely
                  | shaped body. [potion of mutation]
 21692 | D:9      | Gained mutation: You are somewhat resistant to further
                  | mutation. [potion of mutation]
 21693 | D:9      | Lost mutation: Your spells are a little easier to cast, but
                  | a little less powerful. [potion of mutation]
 21693 | D:9      | Lost mutation: Armour fits poorly on your strangely shaped
                  | body. [potion of mutation]
 21693 | D:9      | Lost mutation: You are somewhat resistant to further
                  | mutation. [potion of mutation]
 21693 | D:9      | Gained mutation: You have a pair of small horns on your
                  | head. [potion of mutation]
 21693 | D:9      | Gained mutation: Your spells are a little harder to cast,
                  | but a little more powerful. [potion of mutation]
 21693 | D:9      | Gained mutation: You are partially covered in iridescent
                  | scales. (AC +2) [potion of mutation]
 21693 | D:9      | Gained mutation: You are agile. (Dex +4, Str/Int -1)
                  | [potion of mutation]
 21929 | Lair:1   | Entered Level 1 of the Lair of Beasts
 22528 | Lair:2   | Noticed a seven-headed hydra
 22535 | Lair:2   | Killed a seven-headed hydra
 22664 | Lair:2   | Noticed a seven-headed hydra
 22674 | Lair:2   | Killed a seven-headed hydra
 23185 | Lair:1   | Noticed Maggie
 23361 | Lair:1   | Killed Maggie
 24252 | Lair:1   | Reached XP level 14. HP: 66/81 MP: 0/0
 25061 | Lair:2   | Found a staircase to the Snake Pit.
 25169 | Lair:2   | Reached skill level 15 in Spellcasting
 25532 | Lair:2   | Found a staircase to the Swamp.
 25546 | Swamp:1  | Entered Level 1 of the Swamp
 26539 | Lair:3   | Reached **** piety under the Shining One
 27274 | Lair:3   | Found a large runed translucent door.
 27274 | Lair:3   | Found a large runed translucent door.
 27290 | Lair:3   | Noticed Lutefisk's ghost (journeyman TeAE)
 28610 | Lair:3   | Killed Lutefisk's ghost
 28742 | Lair:3   | Gained mutation: You sometimes lose your temper in combat.
                  | [mutagenic glow]
 29346 | Lair:3   | Reached skill level 1 in Fighting
 29346 | Lair:3   | Reached skill level 1 in Shields
 30124 | Lair:4   | Reached skill level 1 in Polearms
 30124 | Lair:4   | Reached skill level 10 in Invocations
 30739 | Lair:4   | Reached skill level 16 in Spellcasting
 31371 | Lair:5   | Entered Level 5 of the Lair of Beasts
 31648 | Lair:5   | Reached XP level 15. HP: 70/87 MP: 0/0
 31648 | Lair:5   | Learned a level 6 spell: Summon Cactus Giant
 31884 | Lair:4   | Identified the +0 helmet of Devotion {+Inv}
 33067 | Lair:5   | Found a runed translucent door.
 33067 | Lair:5   | Found a shimmering altar of Xom.
 33067 | Lair:5   | Noticed Palms's ghost (journeyman DjVM)
 33067 | Lair:5   | Identified the +9 dire flail of the Real Monster {chaos,
                  | rElec rF- rN++ Int+2}
 33084 | Lair:5   | Was placed under penance by the Shining One
 33084 | Lair:5   | Killed Palms's ghost
 33767 | Lair:5   | Found a staircase to the Slime Pits.
 33768 | Lair:5   | Found a viscous altar of Jiyva.
 34668 | Lair:5   | Gained mutation: Your flesh is almost immune to the effects
                  | of heat. (rF+++) [mutagenic glow]
 34884 | Lair:5   | Identified the +0 ring mail of the Old World {rElec Will+}
 35177 | Slime:1  | Entered Level 1 of the Pits of Slime
 35177 | Slime:1  | Noticed a rockslime
 35178 | Slime:1  | Noticed an azure jelly
 35178 | Slime:1  | Noticed an acid blob
 35181 | Slime:1  | Killed a rockslime
 35920 | Lair:5   | Killed an azure jelly
 35931 | Lair:5   | Gained mutation: You are frail. (-10% HP) [mutagenic glow]
 35963 | Lair:5   | Gained mutation: You have an uncontrollable temper.
                  | [mutagenic glow]
 36086 | Lair:5   | Reached skill level 17 in Spellcasting
 36156 | Slime:1  | Noticed a rockslime
 36163 | Slime:1  | Noticed an azure jelly
 36163 | Slime:1  | Slain by a rockslime

Illustrated notes

Levels and vault maps discovered:
D:1:      wander_arrival_desolate, layout_basic,
          hellmonk_ecumenical_altar_slurped_away, feat_on_display
D:2:      layout_rooms, uniq_sigmund, uniq_robin, uniq_natasha
D:3:      kennysheep_the_goblin_king, layout_loops_corners,
          amcnicky_mini_pool_small, hangedman_abyss_or_decor_lesser_grid,
          item_on_display_a, uniq_crazy_yiuf_cottage
D:4:      layout_basic, mainiacjoe_overflow_large_starburst,
          minmay_temple_entry_offerings
D:5:      layout_cave_pods, minivault_19
D:6:      layout_layer_cave, minmay_fractal_squares_diagonal_5
D:7:      cheibrodos_grave_circle, layout_rooms, enter_ossuary_1, serial_shops,
          shop, grunt_decor_fettered, minmay_shattered_shrine
D:8:      layout_gridville, trog_wizard
D:9:      minmay_chopped_fan, layout_basic, minmay_lair_entry_grove,
          serial_shops, nicolae_shop_waterfront, enter_bailey_4
D:10:     layout_basic, makhleb_altar_promises_db, uniq_maurice
Temple:   regret_index_temple_mists
Lair:1:   dreamdust_cave_troll, layout_loops_ring, infiniplex_staircase_pool,
          uniq_maggie
Lair:2:   layout_roguey, palyth_hydra_swamp_entry,
          minmay_snake_entry_six_corridors
Lair:3:   cheibrodos_lair_overgrown_chateau, layout_loops_ring,
          ebering_ghost_disaster_area
Lair:4:   layout_gridlike, enter_volcano_4, serial_bayou_shore_a,
          lemuel_fruit_tree
Lair:5:   grunt_lair_end_beastmaster, layout_small_grid, slime_entry_1,
          ebering_ghost_xom
Swamp:1:  layout_basic_swamp, nicolae_swamp_dense_foliage,
          nicolae_swamp_round_clearing, hangedman_swamp_ravenous, uniq_jorgrun
Slime:1:  layout_caves

Skill      XL: |  1  2  3  4  5  6  7  8  9 10 11 12 13 14 15 |
---------------+----------------------------------------------+-----
Spellcasting   | 3 4 5 6 7 9 11 12 13 14 16 17 | 17.0
Stealth        | 2 3 4 |  4.4
Ranged Weapons | 2 |  2.8
Dodging        | 3 4 6 7 |  7.1
Invocations    | 1 4 8 10 11 | 11.0
Fighting       | 1 2 |  2.0
Shields        | 1 2 |  2.8
Polearms       | 1 |  1.9
Evocations     | |  0.2

Action                   |  1- 3 |  4- 6 |  7- 9 | 10-12 | 13-15 || total
-------------------------+-------+-------+-------+-------+-------++-------
Melee: Trident           |       |       |       |       |    59 ||    59
       Headbutt          |       |       |       |       |    25 ||    25
 Fire: Shortbow          |       |       |    39 |       |       ||    39
 Cast: Foxfire           |    81 |    88 |   109 |   118 |   113 ||   509
       Scorch            |     3 |     4 |    47 |    83 |    60 ||   197
       Inner Flame       |       |       |    14 |    16 |    26 ||    56
       Olgreb's Toxic Ra |       |       |    47 |    63 |   113 ||   223
       Ensorcelled Hiber |       |       |     2 |       |       ||     2
       Irradiate         |       |       |       |    33 |   100 ||   133
       Conjure Flame     |       |       |       |       |     1 ||     1
       Summon Cactus Gia |       |       |       |       |     4 ||     4
Evoke: Wand              |       |       |     2 |       |     1 ||     3
  Use: Scroll            |       |       |    10 |     5 |    10 ||    25
       Potion            |       |       |     2 |     5 |     3 ||    10
Armor: Robe              |       |       |     8 |    39 |    34 ||    81
Dodge: Dodged            |     3 |     4 |    46 |    96 |    84 ||   233
Block: Buckler           |       |       |       |       |     6 ||     6
       Tower shield      |       |       |       |       |    75 ||    75
